 Dungeon Crawl Stone Soup version 0.25-a0-707-g603da076d2 (webtiles) character file.

Game seed: 17653934553491593095, levelgen mode: deterministic

527 MisterFreud the Ducker (level 7, -4/33 HPs)
             Began as a Felid Skald on Apr 4, 2020.
             Was a Priest of Nemelex Xobeh.
             Killed from afar by an orc wizard (9 damage)
             ... with a magic dart
             ... on level 5 of the Dungeon.
             The game lasted 00:26:01 (7452 turns).

MisterFreud the Ducker (Felid Skald)                Turns: 7452, Time: 00:26:02

Health: -4/33      AC:  2    Str:  8    XL:     7   Next: 2%
Magic:  1/11       EV: 23    Int: 15    God:    Nemelex Xobeh [***...]
Gold:   158        SH:  0    Dex: 16    Spells: 7/10 levels left
                                        Lives:  0   Deaths: 2

rFire    . . .     SeeInvis +     - Unarmed
rCold    . . .     Gourm    .   (shield unavailable)
rNeg     . . .     Faith    .   (armour unavailable)
rPois    .         Spirit   .   (helmet unavailable)
rElec    .         Reflect  .   (cloak unavailable)
rCorr    .         Harm     .   (gloves unavailable)
MR       +....                  (boots unavailable)
Stlth    ++++......             (no amulet)
HPRegen  0.11/turn              (no ring)
MPRegen  0.12/turn              (no ring)

@: very slightly contaminated, slowed, slow
A: very small, no armour, no weapons or thrown items, stealth, claws 1, fangs 3,
see invisible, carnivore, speed 1, shaggy fur 2, slow metabolism 1, sharp paws
a: Draw Escape, Draw Destruction, Draw Summoning, Triple Draw, Renounce Religion


You were on level 5 of the Dungeon.
You worshipped Nemelex Xobeh.
Nemelex Xobeh was most pleased with you.
You were not hungry.

You visited 1 branch of the dungeon, and saw 8 of its levels.
You also visited: Ossuary.

You collected 280 gold pieces.
You spent 122 gold pieces at shops.

Inventory:

Jewellery
 f - an uncursed ring of ice
Wands
 n - a wand of iceblast (15)
Scrolls
 a - 2 scrolls of enchant weapon {unknown}
 c - 2 scrolls of blinking {unknown}
 d - 2 scrolls of fog {unknown}
 i - a scroll of random uselessness {unknown}
 m - 4 scrolls of teleportation {unknown}
 o - a scroll of identify
 r - 2 scrolls of magic mapping
 t - 3 scrolls of immolation {unknown}
Potions
 e - a potion of ambrosia
 g - 4 potions of stabbing
 h - 2 potions of haste
 j - a potion of lignification {unknown}
 k - a potion of flight {unknown}
 l - 2 potions of heal wounds {unknown}
 p - 3 potions of curing {unknown}
 q - a potion of mutation {unknown}
 s - 2 potions of berserk rage {unknown}
Comestibles
 b - 9 rations


   Skills:
 + Level 5.3 Fighting
 + Level 7.5 Dodging
 - Level 6.1 Stealth
 + Level 5.2 Unarmed Combat
 - Level 2.0 Spellcasting
 - Level 3.6 Charms


You had 7 spell levels left.
You knew the following spells:

 Your Spells              Type           Power        Failure   Level  Hunger
a - Infusion              Chrm           ##..         4%          1    #......
b - Shroud of Golubria    Chrm/Tloc      #.....       16%         2    ###....

Your spell library contained the following spells:

 Spells                   Type           Power        Failure   Level  Hunger
 Song of Slaying          Chrm           ##......     8%          2    ###....
 Beastly Appendage        Tmut           #.....       22%         1    #......
 Sticks to Snakes         Tmut           #.......     32%         2    ###....
 Ozocubu's Armour         Chrm/Ice       #.......     32%         3    ###....
 Spider Form              Tmut/Pois      #.........   54%         3    ###....
 Ice Form                 Ice/Tmut       #.......     91%         4    #####..
 Blade Hands              Tmut           #.........   99%         5    ######.
 Spectral Weapon          Hex/Chrm       Unusable     N/A         3    N/A

Dungeon Overview and Level Annotations

Branches:
Dungeon (8/15)             Temple (0/1) D:6         Ossuary (visited)
   Lair: D:8-11

Altars:
Nemelex Xobeh
Okawaru
Trog
Uskayaw

Shops:
D:5 **%


Innate Abilities, Weirdness & Mutations

You cannot wear armour.
You are incapable of wielding weapons or throwing items.
Your paws allow you to move quietly. (Stealth)
You have sharp claws.
You have razor-sharp teeth.
You have supernaturally acute eyesight. (SInv)
You are carnivorous and can eat meat at any time.
You cover ground quickly.
You are covered in thick fur. (AC +2)
You have a slow metabolism.
Your sharp claws are effective at attacking unaware monsters.


Message History

You feel as though you will be slow longer.
The orc wizard gestures wildly while chanting.
The orc wizard flickers and vanishes for a moment.
The orc wizard misses you.
The orc wizard hits you with a cursed +0 dagger.
* * * LOW HITPOINT WARNING * * *
You draw a card...
You have drawn the Cloud.
Clouds appear around you!
The orc wizard gestures at you while chanting.
The magic dart hits you.
* * * LOW HITPOINT WARNING * * *
Something hits the orc.
The orc wizard completely misses you.
Something hits the orc.
The orc is killed!
Unknown command.
The orc wizard barely misses you.
You draw a card...
You have drawn the Shaft.
A shaft materialises beneath you! The orc wizard casts a spell at you.
The magic dart hits you!
You die...
Your body disappears without a glow.

# ### ### # ####.#
##### ≈## #....#
.≈.$≈##.#o#####.#######
..P≈≈≈#.#co)c☼○....>..(
....$;#.#####.#.#####.#
#≈# #o#.# #≈## #o#..
######≈## #@####
.P.!≈##≈# #.# #
.P.≈≈;#.# #.##### #
..P≈$;#.# #.....# #
.P≈)≈;#.# #..(..# #
.P.$≈##†###.....# ##
########...##.....#
(###......h..###.....#
(....######.## #.....#


You could see a centaur (confused) and 2 orc wizards.

Vanquished Creatures
  A hungry ghost (D:7)
  An ogre (D:4)
  A phantom (D:5)
  3 howler monkeys
  3 hounds
  A centaur zombie (D:5)
  An orc priest (D:4)
  3 orc wizards
  A centaur skeleton (D:8)
  3 worker ants (D:6)
  3 gnolls (D:2)
  6 adders
  3 oozes
  7 adder zombies
  An adder skeleton (D:2)
  2 worms
  3 dart slugs
  6 leopard geckos
  10 orcs
  10 bats
  2 bat skeletons (D:2)
  A bat zombie (D:2)
  6 giant cockroaches
  7 hobgoblins
  4 jackals (D:2)
  7 kobolds
  5 quokkas
  3 frilled lizards
  2 goblins
  2 goblin zombies (Ossuary)
  7 hobgoblin zombies (Ossuary)
  2 jackal zombies (Ossuary)
  7 kobold zombies (Ossuary)
  A leopard gecko zombie (D:2)
  8 orc zombies (Ossuary)
  2 quokka zombies (D:7)
  A rat zombie (Ossuary)
136 creatures vanquished.

Vanquished Creatures (collateral kills)
  2 necrophages
  An ogre (D:5)
  A centaur (D:5)
  A hound (D:6)
5 creatures vanquished.

Grand Total: 141 creatures vanquished

Notes
Turn   | Place    | Note
-------+----------+-------------------------------------------
     0 | D:1      | MisterFreud the Felid Skald began the quest for the Orb.
     0 | D:1      | Reached XP level 1. HP: 9/9 MP: 4/4
   383 | D:1      | Reached XP level 2. HP: 13/13 MP: 0/6
   491 | D:1      | Learned a level 2 spell: Shroud of Golubria
  1022 | D:1      | Reached XP level 3. HP: 15/17 MP: 0/7
  1203 | D:1      | Found a sparkling altar of Nemelex Xobeh.
  1318 | D:1      | Became a worshipper of Nemelex Xobeh the Trickster
  1885 | D:2      | Reached XP level 4. HP: 11/22 MP: 2/8
  2069 | D:2      | Reached skill level 1 in Stealth
  2213 | D:3      | Received a gift from Nemelex Xobeh
  2790 | D:2      | Found an iron altar of Okawaru.
  3123 | D:2      | Reached skill level 4 in Dodging
  3269 | D:2      | Reached XP level 5. HP: 25/25 MP: 9/9
  3531 | D:3      | Reached * piety under Nemelex Xobeh
  3988 | D:3      | Noticed a +0 dagger
  3989 | D:3      | Found a hide-covered altar of Uskayaw.
  3990 | D:3      | Noticed a +0 hand axe
  4219 | D:3      | Received a gift from Nemelex Xobeh
  4382 | D:5      | Entered Level 5 of the Dungeon
  4471 | D:5      | Noticed a phantom
  4545 | D:4      | Noticed an ogre
  4562 | D:4      | Killed an ogre
  4737 | D:4      | Gained mutation: You are covered in thick fur. (AC +2)
                  | [Felid growth]
  4737 | D:4      | Reached XP level 6. HP: 20/28 MP: 2/10
  4857 | D:4      | Reached ** piety under Nemelex Xobeh
  4945 | D:4      | Reached skill level 5 in Dodging
  5115 | D:4      | Received a gift from Nemelex Xobeh
  5521 | D:5      | Found Ahizxapi's General Store.
  5526 | D:5      | You fall into a shaft and drop 3 floors!
  5751 | D:8      | Reached skill level 6 in Dodging
  5890 | D:7      | Noticed a hungry ghost
  5919 | D:7      | Killed a hungry ghost
  5919 | D:7      | Reached XP level 7. HP: 25/33 MP: 2/11
  5942 | D:7      | Found a bloodstained altar of Trog.
  5945 | D:7      | Found a sand-covered staircase.
  5952 | Ossuary  | Entered an ossuary
  6325 | Ossuary  | Slain by a mummy
  6326 | Ossuary  | Reached XP level 6. HP: -4/29 MP: 7/10
  6462 | D:6      | Reached skill level 5 in Stealth
  6464 | D:6      | Noticed a water moccasin
  6687 | D:6      | Received a gift from Nemelex Xobeh
  6715 | D:6      | Reached XP level 7. HP: 24/33 MP: 11/11
  6765 | D:6      | Found a staircase to the Ecumenical Temple.
  6943 | D:5      | Found Vibbuk's Food Shoppe.
  6962 | D:5      | Reached skill level 7 in Dodging
  7057 | D:5      | Reached skill level 5 in Fighting
  7057 | D:5      | Reached skill level 5 in Unarmed Combat
  7282 | D:5      | Found Idofoum's Assorted Antiques.
  7292 | D:5      | Bought a scroll labeled WISEL WIYSTRAG for 29 gold pieces
  7292 | D:5      | Bought a scroll labeled GOTOHE BEUDGHINUI for 29 gold
                  | pieces
  7292 | D:5      | Bought a scroll labeled QIUTI PIKIKOCS for 29 gold pieces
  7295 | D:5      | Reached *** piety under Nemelex Xobeh
  7307 | D:5      | Bought a scroll of magic mapping for 35 gold pieces
  7380 | D:5      | Killed from afar by an orc priest
  7381 | D:5      | Reached XP level 6. HP: 0/30 MP: 5/10
  7445 | D:5      | Reached XP level 7. HP: 14/33 MP: 1/11
  7452 | D:5      | Killed from afar by an orc wizard

Levels and vault maps discovered:
D:1:      sevenhm_arrival_forest_fort_large_4, layout_rooms,
          nemelex_altar_shiori
D:2:      layout_basic, serial_undead, serial_undead_d, serial_undead_c,
          serial_undead_f, serial_undead_e, serial_undead_d, serial_undead_c,
          okawaru_trees_2
D:3:      layout_basic, dancing_weapons_uskayaw, first_ration,
          chequers_serial_rivers_small_a
D:4:      layout_basic, wad_floor_pattern_untrapped
D:5:      cheibrodos_two_vegetables, layout_basic, serial_shops,
          kennysheep_mini_moat, shop_coins, shop, shop, nicolae_shop_crystal,
          hangedman_decor_slide_cut
D:6:      layout_loops_ring, minmay_temple_entry_wispy, uniq_crazy_yiuf_cottage
D:7:      layout_loops_corners, kennysheep_mini, enter_ossuary_4, basic_altar
D:8:      minmay_slanted_spiral_squares, layout_basic, david_nohive_1,
          minivault_11

Skill      XL: |  1  2  3  4  5  6  7 |
---------------+----------------------+-----
Fighting       | 3 4 5 |  5.3
Stealth        | 2 3 6 |  6.1
Dodging        | 4 6 7 |  7.5
Unarmed Combat | 3 4 5 |  5.2
Spellcasting   | |  2.0
Charms         | |  3.6

Action                   |  1- 3 |  4- 6 |  7- 9 || total
-------------------------+-------+-------+-------++-------
Melee: Unarmed           |   107 |   266 |   146 ||   519
       Bite              |     4 |    16 |    13 ||    33
       Punch             |       |     2 |     1 ||     3
 Cast: Infusion          |    17 |    17 |     1 ||    35
       Shroud of Golubri |    12 |    27 |    10 ||    49
Invok: Draw Destruction  |       |     5 |       ||     5
       Draw Escape       |       |     1 |     2 ||     3
       Draw Summoning    |       |     1 |     1 ||     2
  Use: Scroll            |       |     3 |       ||     3
 Stab: Sleeping          |       |    11 |     6 ||    17
       Distracted        |       |     1 |       ||     1
       Petrified         |       |       |     1 ||     1
  Eat: Chunk             |    10 |    16 |     2 ||    28
Armor: Skin              |     9 |    10 |    10 ||    29
Dodge: Dodged            |   119 |   218 |   122 ||   459

Table legend:
 A = Non-vault XP
 B = Vault XP
 C = Vault XP percentage of total XP
 D = Non-vault monster count
 E = Vault monster count
 F = Vault count percentage of total count
                 A         B        C        D         E       F
            +---------+---------+-------+---------+---------+-------
      Total |    1530 |     185 |  10.8 |      98 |      43 |  30.5
            +---------+---------+-------+---------+---------+-------
        D:1 |      43 |       0 |   0.0 |      20 |       0 |   0.0
        D:2 |     112 |      34 |  23.3 |      22 |       9 |  29.0
        D:3 |      90 |       0 |   0.0 |      15 |       0 |   0.0
        D:4 |     340 |       0 |   0.0 |      16 |       0 |   0.0
        D:5 |     389 |     106 |  21.4 |      10 |       2 |  16.7
        D:6 |     288 |       0 |   0.0 |      12 |       0 |   0.0
        D:7 |     174 |       2 |   1.1 |       1 |       2 |  66.7
        D:8 |      94 |       0 |   0.0 |       2 |       0 |   0.0
    Ossuary |       0 |      43 | 100.0 |       0 |      30 | 100.0
            +---------+---------+-------+---------+---------+-------
